Map: Dusk Towers

Players

PylonClicker - Winner!

  • Race: Protoss Protoss

Destroy

  • Race: Terran Terran
  • League: Diamond

VOD

Have the link to the VOD?

Description

Time

  • Played on: March 6, 2016, 11:44 p.m.
  • Length: 11:48
Show
View Real Time Build Order
Export as new Build Order

PylonClicker Protoss - Winner!

Build Orders: 1 Gate Expand 

Get SALT Encoding   

  12  0:03  Probe (Chrono Boost)  
  13  0:16  Probe (Chrono Boost)  
  13  0:20  Pylon  
  14  0:26  Probe (Chrono Boost)  
  15  0:38  Probe (Chrono Boost)  
  15  0:39  Gateway  
  16  0:47  Assimilator  
  16  0:48  Probe (Chrono Boost)  
  17  0:59  Probe (Chrono Boost)  
  18  1:10  Probe (Chrono Boost)  
  19  1:24  Nexus  
  19  1:30  Probe (Chrono Boost)  
  20  1:38  Cybernetics Core  
  20  1:43  Probe (Chrono Boost)  
  21  1:49  Pylon  
  21  1:58  Probe (Chrono Boost)  
  22  2:03  Assimilator  
  22  2:09  Probe (Chrono Boost)  
  22  2:14  Adept, Warp Gate (Chrono Boost)  
  25  2:22  Probe (Chrono Boost)  
  26  2:29  Robotics Facility  
  26  2:36  Probe x2 (Chrono Boost)  
  27  2:47  Mothership Core (Chrono Boost)  
  29  2:51  Probe (Chrono Boost)  
  30  3:02  Probe (Chrono Boost)  
  30  3:05  Probe (Chrono Boost)  
  32  3:09  Gateway  
  32  3:10  Gateway  
  32  3:17  Observer  
  32  3:18  Probe x2 (Chrono Boost)  
  35  3:27  Forge  
  35  3:29  Probe x2 (Chrono Boost)  
  37  3:35  Pylon  
  37  3:38  Observer  
  37  3:40  Probe (Chrono Boost)  
  37  3:41  Probe (Chrono Boost)  
  40  3:50  Probe (Chrono Boost)  
  40  3:51  Pylon  
  40  3:52  Probe (Chrono Boost)  
  42  4:01  Protoss Ground Armor Level 1 (Chrono Boost)  
  42  4:02  Probe (Chrono Boost)  
  43  4:10  Probe (Chrono Boost)  
  43  4:13  Probe (Chrono Boost)  
  43  4:16  Adept x3  
  51  4:21  Robotics Bay  
  51  4:23  Probe (Chrono Boost)  
  52  4:27  Pylon  
  52  4:38  Probe x2 (Chrono Boost)  
  54  4:43  Nexus  
  54  4:50  Probe (Chrono Boost)  
  55  4:54  Probe (Chrono Boost)  
  55  4:56  Adept  
  55  4:57  Adept x2  
  62  5:03  Probe  
  62  5:06  Assimilator x2  
  63  5:09  Twilight Council  
  60  5:18  Stalker x2  
  64  5:32  Pylon  
  64  5:33  Probe  
  64  5:34  Probe  
  65  5:43  Probe  
  65  5:47  Resonating Glaives (Chrono Boost), Protoss Ground Armor Level 2 (Chrono Boost)  
  66  5:54  Pylon, Probe  
  66  5:56  Probe  
  68  6:05  Zealot  
  68  6:08  Probe  
  68  6:10  Colossus  
  77  6:12  Probe x2  
  79  6:20  Probe  
  79  6:22  Probe  
  81  6:25  Probe  
  81  6:28  Adept  
  81  6:29  Adept x2  
  81  6:32  Probe  
  89  6:38  Gateway  
  89  6:39  Gateway  
  89  6:40  Gateway  
  89  6:41  Probe  
  89  6:42  Probe  
  91  6:49  Probe  
  91  6:51  Adept x2  
  91  6:52  Adept  
  98  7:00  Pylon x2  
  97  7:05  Probe  
  98  7:10  Colossus  
  98  7:11  Extended Thermal Lance (Chrono Boost)  
  98  7:18  Adept x3  
  98  7:20  Blink  
  110  7:26  Probe x3  
  110  7:29  Assimilator x2  
  113  7:40  Stalker x2  
  117  7:45  Pylon x2  
  117  7:48  Pylon x2  
  117  7:53  Pylon  
  117  7:58  Protoss Ground Armor Level 3 (Chrono Boost)  
  117  8:08  Stalker x3  
  117  8:09  Adept x3  
  109  8:23  Colossus  
  107  8:34  Adept x2  
  107  8:35  Adept x2  
  107  8:38  Probe x3  
  118  8:43  Nexus  
  118  8:50  Probe  
  118  8:51  Pylon  
  118  8:52  Probe x2  
  121  8:56  Adept x3  
  121  8:57  Adept  
  129  9:10  Templar Archives  
  129  9:12  Gateway  
  129  9:13  Gateway  
  129  9:17  Stalker x2  
  129  9:20  Adept x2  
  129  9:21  Disruptor  
  140  9:35  Probe x2  
  140  9:36  Adept x2  
  146  9:40  Probe  
  146  9:41  Psionic Storm  
  146  9:44  Photon Cannon  
  147  9:45  Photon Cannon  
  147  9:49  Photon Cannon  
  147  9:50  High Templar  
  147  9:51  High Templar  
  151  9:57  Archon  
  151  9:58  Adept x2  
  151  9:59  Adept  
  157  10:00  Disruptor  
  157  10:02  Probe x2  
  157  10:03  Probe  
  163  10:09  Adept  
  165  10:29  Adept x5  
  165  10:30  Adept x2  
  179  11:03  Pylon x2, Disruptor  
  179  11:04  Pylon  
  179  11:06  Pylon  
  179  11:08  Pylon  
  155  11:22  Adept x2  
  155  11:23  Adept x5  
  155  11:24  Adept  
Show
View Real Time Build Order
Export as new Build Order

Destroy Terran 

Build Orders: Liberator Opening, Bio Tank 

Get SALT Encoding   

  12  0:01  SCV  
  13  0:13  SCV  
  14  0:19  Supply Depot  
  14  0:25  SCV  
  15  0:40  SCV  
  16  0:43  Barracks  
  16  0:45  Refinery  
  16  0:52  SCV  
  17  1:04  SCV  
  18  1:17  SCV  
  19  1:30  Orbital Command  
  19  1:31  Barracks Reactor  
  19  1:46  Command Center  
  19  1:56  SCV, Supply Depot  
  20  2:09  Marine x2  
  22  2:21  Factory  
  22  2:25  SCV  
  22  2:26  Marine x2  
  22  2:28  Refinery  
  25  2:41  SCV  
  26  2:44  Marine x2  
  28  2:53  SCV  
  28  2:57  Supply Depot  
  29  3:04  Marine x2  
  31  3:07  Factory Tech Lab  
  31  3:10  Starport  
  31  3:18  SCV  
  33  3:24  Marine x2  
  33  3:26  Cyclone  
  38  3:32  Orbital Command  
  37  3:34  Liberator  
  37  3:39  SCV  
  38  3:42  Marine x2  
  40  3:53  SCV  
  44  3:57  Supply Depot  
  44  4:00  SCV  
  45  4:04  Marine x2  
  45  4:08  SCV  
  48  4:14  Siege Tank  
  51  4:18  SCV  
  51  4:19  Supply Depot  
  52  4:25  SCV  
  52  4:31  SCV  
  54  4:33  Engineering Bay  
  54  4:34  Marine x2  
  56  4:44  SCV  
  56  4:45  SCV  
  58  4:46  Siege Tank, Supply Depot  
  61  4:56  SCV  
  61  4:57  SCV, Marine x2  
  61  4:59  Starport Reactor  
  65  5:05  Barracks  
  65  5:07  Barracks  
  65  5:13  Missile Turret  
  65  5:16  SCV x2, Missile Turret  
  65  5:20  Refinery  
  67  5:21  Marine  
  71  5:35  Siege Tank  
  71  5:37  Medivac  
  71  5:38  SCV  
  71  5:41  Refinery  
  71  5:47  Terran Infantry Weapons Level 1  
  71  5:52  Barracks Tech Lab  
  71  5:55  Command Center, Barracks Tech Lab  
  71  5:58  Marine  
  71  6:03  SCV  
  73  6:06  Supply Depot  
  73  6:09  Supply Depot  
  73  6:13  Stimpack  
  73  6:18  SCV  
  74  6:24  Marine x3  
  77  6:26  Combat Shields  
  77  6:31  Barracks  
  77  6:33  Barracks  
  77  6:37  Medivac  
  77  6:39  SCV  
  80  6:42  Marine  
  80  6:45  Supply Depot, Marine x3  
  84  6:58  Medivac  
  84  6:59  Siege Tank  
  89  7:09  SCV x2  
  89  7:12  Supply Depot, Marine x2  
  89  7:13  Marine x2  
  89  7:14  Missile Turret  
  95  7:21  Barracks Tech Lab  
  95  7:23  Barracks Tech Lab  
  95  7:26  Supply Depot  
  95  7:28  Orbital Command  
  95  7:33  SCV  
  95  7:34  SCV  
  95  7:36  Marauder  
  99  7:44  Marine  
  99  7:45  Marine x4  
  99  7:48  SCV  
  99  7:49  Concussive Shells  
  105  7:53  SCV  
  105  7:56  SCV  
  105  7:57  Marine  
  108  8:02  Marine x2  
  108  8:03  SCV, Marine x3  
  114  8:08  SCV  
  115  8:15  Marine  
  99  8:20  Marine x3  
  99  8:21  Marauder, Marine  
  81  8:29  Siege Tank  
  81  8:33  Marine  
  85  8:36  SCV x3  
  85  8:38  Marine x2  
  85  8:39  Marauder  
  93  8:42  Engineering Bay  
  94  8:49  Barracks  
  94  8:50  Marine  
  94  8:53  Marauder  
  94  8:54  Marauder  
  97  8:56  Medivac x2, Marine x2  
  97  9:01  Siege Tank  
  106  9:04  Marauder  
  106  9:09  SCV x2, Marauder  
  112  9:14  Supply Depot, Marine x2  
  112  9:15  Marauder x2  
  118  9:18  Terran Infantry Armor Level 1  
  118  9:23  Armory  
  118  9:28  Marauder  
  118  9:30  Marauder  
  122  9:31  SCV, Marine  
  122  9:32  SCV, Marine  
  122  9:35  Refinery  
  122  9:36  Marauder  
  128  9:38  Supply Depot  
  128  9:40  Barracks Reactor  
  128  9:46  Marauder  
  128  9:47  Siege Tank  
  128  9:49  Marine  
  128  9:50  Marauder  
  128  9:51  Marauder  
  128  9:52  SCV  
  139  9:54  Supply Depot  
  139  9:58  Marauder  
  141  10:02  Medivac  
  141  10:03  Medivac  
  145  10:11  Marine x2  
  145  10:12  Marine x3  
  150  10:19  Refinery, Marine  
  151  10:26  Marine x2  
  151  10:28  Siege Tank  
  156  10:32  Viking  
  156  10:33  Viking  
  160  10:36  Supply Depot x2  
  160  10:47  Supply Depot  
  160  10:49  Marauder x2  
  164  10:50  Supply Depot  
  164  10:51  Marine  
  165  11:01  Marine x2  
  165  11:02  Marauder x2, Viking  
  165  11:03  Viking, Marine  
  176  11:10  Marauder  
  142  11:11  Marine  
  142  11:12  Marauder  
  113  11:19  Marine x2  
  113  11:21  Marine  
  113  11:23  Marauder  
  113  11:24  Marauder  
  98  11:29  Marine  
Tags
 
Add a new tag
Caveats
  • Supply blocks, unpowered buildings, or Contaminate may cause inaccurate times.
  • Supply counts are checked every 10 seconds.